 Dungeon Crawl Stone Soup version 0.31-a0-145-g046c7d2549 (webtiles) character file.

Game seed: 17722956727301514592

154 Midn8 the Stinger (level 5, -1/21 HPs)
             Began as a Felid Venom Mage on June 6, 2023.
             Slain by a kobold brigand
             ... wielding a +0 short sword
              (6 damage)
             ... in a sewer.
             The game lasted 00:10:48 (3487 turns).

Midn8 the Stinger (Felid Venom Mage)                Turns: 3487, Time: 00:10:49

Health: -1/21      AC:  2    Str:  4    XL:     5   Next: 13%
Magic:  1/12       EV: 18    Int: 19    God:
Gold:   82         SH:  0    Dex: 16    Spells: 9/12 levels left
                                        Lives:  0   Deaths: 1

rFire   + . .        (weapon unavailable)
rCold   + . .        (shield unavailable)
rNeg    . . .        (body armour unavailable)
rPois   +            (helmet unavailable)
rElec   +            (cloak unavailable)
rCorr   +            (gloves unavailable)
SInv    +            (boots unavailable)
Will    .....        (no amulet)
Stlth   ++           (no ring)
HPRegen 0.23/turn    (no ring)
MPRegen 0.13/turn

%: no passive effects
@: resistant, slowed, slow
A: very small, claws 1, fangs 3, see invisible, speed 1, shaggy fur 2, stealthy
paws, no weapons or thrown items, no armour, multi-lived
a: no special abilities


You were in a sewer.
You visited 1 branch of the dungeon, and saw 3 of its levels.
You also visited: Sewer.

You collected 82 gold pieces.

Inventory:

Scrolls
 c - a scroll of identify {unknown}
 d - 3 scrolls of teleportation {unknown}
 f - a scroll of butterflies {unknown}
 i - a scroll of blinking {unknown}
 j - a scroll of enchant armour {unknown}
Potions
 a - 3 potions of magic
 b - a potion of haste {unknown}
 e - a potion of resistance
 g - a potion of curing {unknown}
 h - a potion of attraction {unknown}
 k - a potion of cancellation {unknown}
 l - a potion of mutation {unknown}


   Skills:
 - Level 4.0 Dodging
 - Level 2.6 Stealth
 - Level 4.0 Spellcasting
 - Level 1.1 Transmutations
 + Level 4.8 Poison Magic


You had 9 spell levels left.
You knew the following spells:

 Your Spells              Type           Power      Damage    Failure   Level
a - Sting                 Tmut/Pois      60%        1d6       4%          1
v - Poisonous Vapours     Pois/Air       24%        N/A       8%          2

Your spell library contained the following spells:

 Spells                   Type           Power      Damage    Failure   Level
 Necrotise                Necr           12%        1d4       14%         1
 Olgreb's Toxic Radiance  Pois           22%        N/A       19%         4
 Mephitic Cloud           Conj/Pois/Air  9%         N/A       22%         3
 Vampiric Draining        Necr           3%         2d6       38%         3
 Agony                    Necr           3%         N/A       98%         5


Dungeon Overview and Level Annotations

Branches:
Dungeon (3/15)              Sewer (1/1)

Altars:


Innate Abilities, Weirdness & Mutations

You have sharp claws.
You have razor-sharp teeth.
You have supernaturally acute eyesight. (SInv)
You cover ground quickly. (Speed+)
You are covered in thick fur. (AC +2)
Your paws help you pounce on unaware monsters.
You are incapable of wielding weapons or throwing items.
You cannot wear armour.
You gain extra lives every three experience levels.


Message History

Casting: Poisonous Vapours (safe; 8% risk of failure)
Confirm with . or Enter, or press ? or * to list all spells.
Aiming: Poisonous Vapours (safe; 8% risk of failure)
Press: ? - help, Dir - move target, f/p - kobold brigand
Aim: a kobold brigand, wielding a +0 dagger and quivering curare-tipped darts (heavily wounded, poisoned) Poisonous vapours surround the kobold brigand!
The kobold brigand looks even sicker.
You feel sick.
The kobold brigand throws a curare-tipped dart.
The curare-tipped dart closely misses you.
Casting: Poisonous Vapours (safe; 8% risk of failure)
Confirm with . or Enter, or press ? or * to list all spells.
Aiming: Poisonous Vapours (safe; 8% risk of failure)
Press: ? - help, Dir - move target, f/p - kobold brigand
Aim: a kobold brigand, wielding a +0 dagger and quivering curare-tipped darts (heavily wounded, very poisoned) Poisonous vapours surround the kobold brigand!
The kobold brigand looks even sicker.
You feel sick.
Casting: Poisonous Vapours (safe; 8% risk of failure)
Confirm with . or Enter, or press ? or * to list all spells.
You don't know that spell.
It was a potion of resistance.
You feel protected.
You feel sick.
Casting: Poisonous Vapours (safe; 8% risk of failure)
Confirm with . or Enter, or press ? or * to list all spells.
You don't know that spell.
Casting: Poisonous Vapours (safe; 8% risk of failure)
Confirm with . or Enter, or press ? or * to list all spells.
Aiming: Sting (safe; 4% risk of failure)
Press: ? - help, Shift-Dir - straight line, f/p - kobold brigand
Aim: a kobold brigand, wielding a +0 dagger and quivering curare-tipped darts (almost dead, very poisoned, 67% to hit)
The sting hits the kobold brigand but does no damage.
The kobold brigand looks even sicker.
The kobold brigand is moderately wounded.
You feel sick.
You are no longer poisoned.
The kobold brigand barely misses you.
You kill the kobold brigand!
You hear a splash. x2
The kobold brigand hits you with a +0 short sword.
You die...

~~.~# ##~~~~..~## #~~~...~~# ####
..~.####..~~..~####.~~...~)###~~~
#..~.##~...~~..~##.~~~####~.~.~##
##...~~..~...~).~~~~.## #####.~~
##~~.~..~....~~~~~.## ####
#~.~.....∩....~..~#
#~.~~.~~....~.~~~~#
#........∩.~~.~.~~#
##~~.~..~.~..~.@.~~## ####
##.~~.~...~~~~.K~..~.## #####.~)
#..~~##..~.~...~##.~~.####~..~~##
~~~.####~.~~~)~####~~~~~~~.###.~~
~~~.# ##...~..~## #...~~~~~# ####
~.~####.~~~~~~~.####.~..~~~###~~~
#####..~.~.~~....~########~~.~~##
#~.~~~#####..~..# #####.~~
#~~..## ##.~~.# ####


You could see a kobold brigand (very poisoned).

Vanquished Creatures
  3 kobold brigands (Sewer)
  Jessica (D:2)
  2 river rats
  5 adders (Sewer)
  3 worms
  3 bats (D:1)
  6 endoplasms
  4 giant cockroaches (D:1)
  5 goblins
  2 hobgoblins (D:1)
  2 jackals (D:2)
  11 kobolds
  2 quokkas
  7 ball pythons
  2 frilled lizards (D:1)
  9 rats
67 creatures vanquished.

Notes
Turn   | Place    | Note
-------+----------+-------------------------------------------
     0 | D:1      | Midn8 the Felid Venom Mage began the quest for the Orb.
     0 | D:1      | Reached XP level 1. HP: 7/7 MP: 4/4
   274 | D:1      | Reached XP level 2. HP: 9/11 MP: 0/6
   355 | D:1      | Learned a level 2 spell: Poisonous Vapours
  1149 | D:2      | Reached XP level 3. HP: 14/14 MP: 3/7
  1526 | D:2      | Noticed Jessica
  1533 | D:2      | Killed Jessica
  1534 | D:2      | Reached XP level 4. HP: 9/18 MP: 2/10
  1602 | D:2      | Found a faded altar of an unknown god.
  1978 | D:3      | Found a glowing drain.
  2022 | Sewer    | Entered a sewer
  2400 | Sewer    | Noticed a kobold brigand
  2414 | Sewer    | Killed a kobold brigand
  2415 | Sewer    | Reached XP level 5. HP: 21/21 MP: 5/12
  2764 | Sewer    | Gained mutation: You are covered in thick fur. (AC +2)
                  | [Felid growth]
  2764 | Sewer    | Reached XP level 6. HP: 15/24 MP: 2/13
  3460 | Sewer    | Asphyxiated
  3461 | Sewer    | Reached XP level 5. HP: -7/21 MP: 9/12
  3487 | Sewer    | Slain by a kobold brigand

Illustrated notes

Levels and vault maps discovered:
D:1:      erik_arrival_triangle_large, layout_loops_ring, serial_glass,
          glass_columns_a, glass_columns_c, glass_columns_b
D:2:      wander_river, layout_loops_ring, hellmonk_ecumenical_altar_run_dry,
          minmay_goblin_kobold_house, uniq_jessica
D:3:      layout_basic, portal_sewer_entry_a, minivault_14
Sewer:    sewer_co_tree

Skill      XL: |  1  2  3  4  5 |
---------------+----------------+-----
Poison Magic   | 3 4 |  4.8
Spellcasting   | 3 4 |  4.0
Dodging        | 4 |  4.0
Stealth        | |  2.6
Transmutations | |  1.1

Action                     |  1- 3 |  4- 6 || total
---------------------------+-------+-------++-------
  Melee: Unarmed           |     7 |     5 ||    12
         Bite              |       |     1 ||     1
   Cast: Sting             |    50 |    64 ||   114
         Poisonous Vapours |    10 |    35 ||    45
    Use: Potion            |       |     1 ||     1
   Stab: Sleeping          |     1 |       ||     1
 Armour: Skin              |     2 |     1 ||     3
  Dodge: Dodged            |    10 |    41 ||    51

Table legend: (Time is in decaauts)
 A = Elapsed time spent in this place.
 B = Non-inter-level travel time spent in this place.
 C = Inter-level travel time spent in this place.
 D = Time resting spent in this place.
 E = Time spent auto-exploring this place.
 F = Levels seen in this place.
 G = Mean time per level.
                   A        B        C        D        E       F      G
               +--------+--------+--------+--------+--------+-----+--------+
         Total |   3334 |   3314 |     20 |   1422 |   1310 |   4 |  833.5 |
       Dungeon |   1808 |   1788 |     20 |    633 |    861 |   3 |  602.7 |
         Sewer |   1526 |   1526 |      0 |    789 |    449 |   1 | 1526.0 |
               +--------+--------+--------+--------+--------+-----+--------+

Top non-repeatable levels by time:
   Sewer: 1526 daAuts
     D:1: 961 daAuts
     D:2: 807 daAuts
     D:3: 39 daAuts
